BR
PALMYRA OVERLORDS @ PLYMOUTH COCKS
08/12/2027
 
TOP OF THE 1ST
Palmyra Overlords batting - Pitching for Plymouth Cocks : RHP Luis Miguel Laqui
Pitching: RHP Luis Miguel Laqui
Batting: LHB Mauro López 0-0: Ball
1-0: Ball
2-0: Ball
3-0: Base on Balls
Batting: SHB José Rincón 0-0: Ball
1-0: Called Strike
Mauro López is caught stealing 2nd base
1-1: Foul Ball, location: 2F
1-2: Foul Ball, location: 2F
1-2: SINGLE (Line Drive, 6MD)
Batting: RHB Edmund Swanson 0-0: Ball
1-0: SINGLE (Groundball, 56S) (infield hit)
José Rincón to second
Batting: LHB Ramón Morán 0-0: Called Strike
0-1: Foul Ball, location: 2F
0-2: Ball
1-2: Foul Ball, location: 2F
1-2: Foul Ball, location: 2F
1-2: Reached on error, E4 (Groundball, 4)
José Rincón to third
Edmund Swanson to second
Batting: RHB José Gonzáles 0-0: Grounds into double play, 6-4-3 (Groundball, 6)
Top of the 1st over - 0 run(s), 2 hit(s), 1 error(s), 2 left on base; Palmyra 0 - Plymouth 0
BOTTOM OF THE 1ST
Plymouth Cocks batting - Pitching for Palmyra Overlords : RHP Mario García
Pitching: RHP Mario García
Batting: LHB Greg Sharpe 0-0: Called Strike
0-1: Swinging Strike
0-2: Foul Ball, location: 2F
0-2: Strikes out swinging
Batting: RHB John Gauthier 0-0: Ball
1-0: Swinging Strike
1-1: Fly out, F8 (Flyball, 89S)
Batting: LHB Lúcio Gómez 0-0: SINGLE (Line Drive, 89M)
Batting: RHB Sam Elder 0-0: Ball
1-0: Swinging Strike
1-1: Ground out 6-3 (Groundball, 6S)
Bottom of the 1st over - 0 run(s), 1 hit(s), 0 error(s), 1 left on base; Palmyra 0 - Plymouth 0
TOP OF THE 2ND
Palmyra Overlords batting - Pitching for Plymouth Cocks : RHP Luis Miguel Laqui
Batting: RHB David Rodríguez 0-0: Foul Ball, location: 2F
0-1: Ball
1-1: Foul Ball, location: 2F
1-2: Strikes out looking
Batting: SHB Travis Martin 0-0: Fly out, F8 (Flyball, 8LM)
Batting: RHB Will Anderson 0-0: Called Strike
0-1: Swinging Strike
0-2: Foul Ball, location: 2F
0-2: Foul Ball, location: 2F
0-2: Foul Ball, location: 2F
0-2: Ground out 4-3 (Groundball, 4)
Top of the 2nd over - 0 run(s), 0 hit(s), 0 error(s), 0 left on base; Palmyra 0 - Plymouth 0
BOTTOM OF THE 2ND
Plymouth Cocks batting - Pitching for Palmyra Overlords : RHP Mario García
Batting: LHB T.J. Richardson 0-0: Swinging Strike
0-1: Swinging Strike
0-2: Ball
1-2: SINGLE (Flyball, 8LS)
Batting: RHB Jason Cook 0-0: Ball
1-0: Grounds into double play, 4-6-3 (Groundball, 4)
Batting: RHB Rafael Hill 0-0: Ball
1-0: Called Strike
1-1: Ball
2-1: Ball
3-1: Base on Balls
Batting: LHB Joe Vásquez 0-0: Ball
1-0: Ball
2-0: Ball
3-0: Foul Ball, location: 2F
3-1: Foul Ball, location: 2F
3-2: Foul Ball, location: 2F
3-2: Base on Balls
Rafael Hill to second
Batting: LHB Barry Pierce 0-0: Fly out, F6 (Line Drive, 6)
Bottom of the 2nd over - 0 run(s), 1 hit(s), 0 error(s), 2 left on base; Palmyra 0 - Plymouth 0
TOP OF THE 3RD
Palmyra Overlords batting - Pitching for Plymouth Cocks : RHP Luis Miguel Laqui
Batting: LHB Christian Lovelass 0-0: SINGLE (Groundball, 4S) (infield hit)
Batting: LHB Mauro López 0-0: Foul Ball, location: 2F
0-1: Foul Ball, location: 2F
0-2: Strikes out swinging
Batting: SHB José Rincón 0-0: Fly out, F4 (Line Drive, 34)
Lined into DP, 4-3 (Line Drive, 34)
Top of the 3rd over - 0 run(s), 1 hit(s), 0 error(s), 0 left on base; Palmyra 0 - Plymouth 0
BOTTOM OF THE 3RD
Plymouth Cocks batting - Pitching for Palmyra Overlords : RHP Mario García
Batting: LHB Greg Sharpe 0-0: Ball
1-0: Foul Ball, location: 2F
1-1: SINGLE (Line Drive, 89M)
Batting: RHB John Gauthier 0-0: SINGLE (Flyball, 8RS)
Greg Sharpe to second
Runner from 2nd tries for 3rd, SAFE, no throw
Batting: LHB Lúcio Gómez 0-0: Called Strike
0-1: Ball
1-1: Ball
2-1: Called Strike
2-2: Ball
3-2: Strikes out swinging
Batting: RHB Sam Elder 0-0: Ball
1-0: Foul Ball, location: 2F
1-1: Ground out 4-3 (Groundball, 4S)
Greg Sharpe scores
John Gauthier to second
Batting: LHB T.J. Richardson 0-0: Swinging Strike
0-1: Ball
1-1: Ball
2-1: Ball
3-1: Foul Ball, location: 2F
3-2: Base on Balls
Batting: RHB Jason Cook 0-0: Called Strike
0-1: Foul Ball, location: 2F
0-2: Foul Ball, location: 2F
0-2: SINGLE (Flyball, 89S)
John Gauthier to third
T.J. Richardson to second
Runner from 3rd tries for Home, SAFE, no throw
Batting: RHB Rafael Hill 0-0: Ball
1-0: Foul Ball, location: 2F
1-1: Fielders Choice at 2nd, 6-4 (Groundball, 6)
Bottom of the 3rd over - 2 run(s), 3 hit(s), 0 error(s), 1 left on base; Palmyra 0 - Plymouth 2
TOP OF THE 4TH
Palmyra Overlords batting - Pitching for Plymouth Cocks : RHP Luis Miguel Laqui
Batting: RHB Edmund Swanson 0-0: Called Strike
0-1: Ball
1-1: Ball
2-1: Ball
3-1: DOUBLE (Groundball, 5L)
Batting: LHB Ramón Morán 0-0: Ball
1-0: Called Strike
1-1: Fly out, F9 (Line Drive, 9)
Batting: RHB José Gonzáles 0-0: Ball
1-0: Foul Ball, location: 2F
1-1: Foul Ball, location: 2F
1-2: Ball
2-2: SINGLE (Flyball, 8RS)
Edmund Swanson to third
Runner from 3rd tries for Home, SAFE, throw made home
Batting: RHB David Rodríguez 0-0: Ball
1-0: Ball
2-0: Called Strike
2-1: Foul Ball, location: 2F
2-2: Strikes out looking
Batting: SHB Travis Martin 0-0: Called Strike
0-1: Ground out 3-1 (Groundball, 34)
Top of the 4th over - 1 run(s), 2 hit(s), 0 error(s), 1 left on base; Palmyra 1 - Plymouth 2
BOTTOM OF THE 4TH
Plymouth Cocks batting - Pitching for Palmyra Overlords : RHP Mario García
Batting: LHB Joe Vásquez 0-0: Ball
1-0: Foul Ball, location: 2F
1-1: Foul Ball, location: 2F
1-2: SINGLE (Groundball, 3D)
Batting: LHB Barry Pierce 0-0: Called Strike
0-1: Swinging Strike
0-2: Strikes out swinging
Batting: LHB Greg Sharpe 0-0: Ball
1-0: Ball
2-0: Ball
3-0: Base on Balls
Joe Vásquez to second
Batting: RHB John Gauthier 0-0: Foul Ball, location: 2F
0-1: Ball
1-1: Ball
2-1: Foul Ball, location: 2F
2-2: Foul Ball, location: 2F
2-2: Foul Ball, location: 2F
2-2: Foul Ball, location: 2F
2-2: 3-RUN HOME RUN (Flyball, 7D), Distance : 389 ft
Pitching: RHP Jack Bass
Batting: LHB Lúcio Gómez 0-0: Called Strike
0-1: Ball
1-1: Ball
2-1: Foul Ball, location: 2F
2-2: Strikes out swinging
Batting: RHB Sam Elder 0-0: Ball
1-0: Ball
2-0: SINGLE (Groundball, 4MD)
Batting: LHB T.J. Richardson 0-0: Called Strike
0-1: Fielders Choice at 2nd, 6-4 (Groundball, 6)
Bottom of the 4th over - 3 run(s), 3 hit(s), 0 error(s), 0 left on base; Palmyra 1 - Plymouth 5
TOP OF THE 5TH
Palmyra Overlords batting - Pitching for Plymouth Cocks : RHP Luis Miguel Laqui
Batting: RHB Will Anderson 0-0: Called Strike
0-1: Ball
1-1: Ball
2-1: Foul Ball, location: 2F
2-2: Foul Ball, location: 2F
2-2: Ball
3-2: Foul Ball, location: 2F
3-2: Strikes out swinging
Batting: LHB Christian Lovelass 0-0: Swinging Strike
0-1: Swinging Strike
0-2: Ball
1-2: Strikes out swinging
Batting: LHB Mauro López 0-0: Ground out 4-3 (Groundball, 4)
Top of the 5th over - 0 run(s), 0 hit(s), 0 error(s), 0 left on base; Palmyra 1 - Plymouth 5
BOTTOM OF THE 5TH
Plymouth Cocks batting - Pitching for Palmyra Overlords : RHP Jack Bass
Batting: RHB Jason Cook 0-0: Called Strike
0-1: Ball
1-1: Ball
2-1: SINGLE (Groundball, 3D)
Batting: RHB Rafael Hill 0-0: Foul Ball, location: 2F
0-1: Ball
1-1: Ball
2-1: Fly out, F8 (Line Drive, 8LM)
Batting: LHB Joe Vásquez 0-0: Called Strike
0-1: Swinging Strike
0-2: Ball
1-2: Foul Ball, location: 2F
1-2: Ball
2-2: Fly out, F8 (Line Drive, 8RD)
Runner from 1st tags up, OUT at 2nd
Bottom of the 5th over - 0 run(s), 1 hit(s), 0 error(s), 0 left on base; Palmyra 1 - Plymouth 5
TOP OF THE 6TH
Palmyra Overlords batting - Pitching for Plymouth Cocks : RHP Luis Miguel Laqui
Batting: SHB José Rincón 0-0: Ball
1-0: Swinging Strike
1-1: Ball
2-1: Called Strike
2-2: Ball
3-2: Foul Ball, location: 2F
3-2: Fly out, F8 (Flyball, 8LD)
Batting: RHB Edmund Swanson 0-0: Foul Ball, location: 2F
0-1: Swinging Strike
0-2: Strikes out looking
Batting: LHB Ramón Morán 0-0: Ball
1-0: Ground out 4-3 (Groundball, 4)
Top of the 6th over - 0 run(s), 0 hit(s), 0 error(s), 0 left on base; Palmyra 1 - Plymouth 5
BOTTOM OF THE 6TH
Plymouth Cocks batting - Pitching for Palmyra Overlords : RHP Jack Bass
Batting: LHB Barry Pierce 0-0: Ball
1-0: Ground out 4-3 (Groundball, 34)
Batting: LHB Greg Sharpe 0-0: DOUBLE (Flyball, 78D)
Batting: RHB John Gauthier 0-0: Foul Ball, location: 2F
0-1: Fly out, F8 (Flyball, 8RM)
Batting: LHB Lúcio Gómez 0-0: Foul Ball, location: 2F
0-1: Swinging Strike
0-2: Ball
1-2: Foul Ball, location: 2F
1-2: Foul Ball, location: 2F
1-2: Strikes out swinging
Bottom of the 6th over - 0 run(s), 1 hit(s), 0 error(s), 1 left on base; Palmyra 1 - Plymouth 5
TOP OF THE 7TH
Palmyra Overlords batting - Pitching for Plymouth Cocks : RHP Luis Miguel Laqui
Batting: RHB José Gonzáles 0-0: SINGLE (Line Drive, 6MD)
Pitching: RHP Gordon Young
Batting: RHB David Rodríguez 0-0: Ball
1-0: Swinging Strike
1-1: Called Strike
1-2: Ball
2-2: Ball
3-2: SINGLE (Groundball, 6S) (infield hit)
José Gonzáles to second
Batting: SHB Travis Martin 0-0: Called Strike
0-1: Ball
1-1: Ball
2-1: Foul Ball, location: 2F
2-2: Ball
3-2: Fly out, F7 (Flyball, 7S)
Batting: RHB Will Anderson 0-0: Called Strike
0-1: Ball
1-1: Foul Ball, location: 2F
1-2: Ball
2-2: Foul Ball, location: 2F
2-2: Fielders Choice at 2nd, 6-4 (Groundball, 6)
José Gonzáles to third
Batting: LHB Christian Lovelass 0-0: Called Strike
0-1: Foul Ball, location: 2F
0-2: Ball
1-2: SINGLE (Groundball, 4MD)
José Gonzáles scores
Will Anderson to second
Runner from 2nd tries for 3rd, SAFE, no throw
Pitching: LHP Bill Martin
Batting: LHB Mauro López 0-0: Called Strike
0-1: Swinging Strike
0-2: Hit by Pitch
Christian Lovelass to second
Pitching: RHP Jorge Martínez
Pinch Hitting: LHB Júlio Lorenzo 0-0: Called Strike
0-1: SINGLE (Groundball, 6D)
Will Anderson scores
Christian Lovelass to third
Mauro López to second
Runner from 3rd tries for Home, SAFE, no throw
Batting: RHB Edmund Swanson 0-0: Ball
1-0: Called Strike
1-1: Ball
2-1: Foul Ball, location: 2F
2-2: Ball
3-2: Strikes out swinging
Top of the 7th over - 3 run(s), 4 hit(s), 0 error(s), 2 left on base; Palmyra 4 - Plymouth 5
BOTTOM OF THE 7TH
Plymouth Cocks batting - Pitching for Palmyra Overlords : RHP Jack Bass
Now at 1B: Júlio Lorenzo
Batting: RHB Sam Elder 0-0: Ball
1-0: Ball
2-0: Ball
3-0: Called Strike
3-1: Foul Ball, location: 2F
3-2: SINGLE (Flyball, 7LM)
Pinch Hitting: RHB Lorenzo Silva 0-0: Ball
1-0: Called Strike
1-1: Ball
2-1: Fielders Choice at 2nd, 6-4 (Groundball, 6)
Pitching: RHP Yuan Si-ma
Pinch Hitting: LHB Cisco Villanueva Pickoff Throw to First - Out!
0-0: Ball
1-0: Foul Ball, location: 2F
1-1: Fly out, F4 (Popup, 4S)
Bottom of the 7th over - 0 run(s), 1 hit(s), 0 error(s), 0 left on base; Palmyra 4 - Plymouth 5
TOP OF THE 8TH
Palmyra Overlords batting - Pitching for Plymouth Cocks : RHP Jorge Martínez
Now at 2B: Bart Wade
Now at 3B: River Cunningham
Now in CF: Cisco Villanueva
Batting: LHB Ramón Morán 0-0: Foul Ball, location: 2F
0-1: Ball
1-1: Foul Ball, location: 2F
1-2: Strikes out swinging
Batting: RHB José Gonzáles 0-0: Called Strike
0-1: Fly out, F3 (Popup, 3L)
Batting: RHB David Rodríguez 0-0: Foul Ball, location: 2F
0-1: Ground out 5-3 (Groundball, 5)
Top of the 8th over - 0 run(s), 0 hit(s), 0 error(s), 0 left on base; Palmyra 4 - Plymouth 5
BOTTOM OF THE 8TH
Plymouth Cocks batting - Pitching for Palmyra Overlords : RHP Yuan Si-ma
Batting: RHB Rafael Hill 0-0: Ball
1-0: Called Strike
1-1: Ball
2-1: Foul Ball, location: 2F
2-2: Foul Ball, location: 2F
2-2: Ball
3-2: Foul Ball, location: 2F
3-2: Fly out, F4 (Popup, 34D)
Batting: LHB Joe Vásquez 0-0: Ball
1-0: Ball
2-0: Ball
3-0: Base on Balls
Batting: LHB Barry Pierce 0-0: Ball
1-0: Ground out 4-3 (Groundball, 34)
Joe Vásquez to second
Pinch Hitting: RHB Juan Morales 0-0: Foul Ball, location: 2F
0-1: Swinging Strike
0-2: Ball
1-2: Ball
2-2: Ball
3-2: Foul Ball, location: 2F
3-2: Base on Balls
Batting: RHB John Gauthier 0-0: Called Strike
0-1: Foul Ball, location: 2F
0-2: Ball
1-2: Ball
2-2: Ball
3-2: Base on Balls
Joe Vásquez to third
Juan Morales to second
Batting: LHB Lúcio Gómez 0-0: Ball
1-0: Ball
2-0: Foul Ball, location: 2F
2-1: Fly out, F4 (Popup, 4)
Bottom of the 8th over - 0 run(s), 0 hit(s), 0 error(s), 3 left on base; Palmyra 4 - Plymouth 5
TOP OF THE 9TH
Palmyra Overlords batting - Pitching for Plymouth Cocks : RHP Jorge Martínez
Pitching: LHP Mathew Bentley
Now in LF: Jim MacAchounich
Pinch Hitting: RHB Lúcio Alfaro 0-0: Foul Ball, location: 2F
0-1: Ball
1-1: Called Strike
1-2: Foul Ball, location: 2F
1-2: Strikes out swinging
Batting: RHB Will Anderson 0-0: Ball
1-0: Foul Ball, location: 2F
1-1: SINGLE (Groundball, 56D)
Pinch Hitting: RHB Spike Kennedy 0-0: Ball
1-0: SINGLE (Line Drive, 7S)
Will Anderson to second
Pinch Hitting: RHB J.T. Paull 0-0: Swinging Strike
0-1: Fly out, F8 (Flyball, 8RS)
Batting: LHB Júlio Lorenzo 0-0: Ball
1-0: Called Strike
1-1: Ball
2-1: Ball
3-1: Fly out, F7 (Flyball, 7LSF)
Top of the 9th over - 0 run(s), 2 hit(s), 0 error(s), 2 left on base; Palmyra 4 - Plymouth 5
Thursday, March 30th, 2017 - OOTP Baseball 17.12 Build 75